 Dungeon Crawl Stone Soup version 0.24.1-8-ga250c9d538 (webtiles) character file.

Game seed: 2465699679043363942, levelgen mode: deterministic

22709 Amplified the Geomancer (level 12, -14/102 HPs)
             Began as a Demigod Earth Elementalist on Apr 30, 2020.
             Demolished by a skeletal warrior
             ... wielding a +0 halberd
              (21 damage)
             ... on level 13 of the Dungeon.
             The game lasted 00:34:08 (14433 turns).

Amplified the Geomancer (DgEE)                     Turns: 14433, Time: 00:34:09

Health: -14/102    AC: 13    Str: 11    XL:     12   Next: 33%
Magic:  28/28      EV: 16    Int: 27    God:
Gold:   545        SH:  8    Dex: 16    Spells: 6/26 levels left

rFire    + . .     SeeInvis .   e - +3 trident (freeze)
rCold    . . .     Gourm    .   l - +3 buckler {reflect}
rNeg     . . .     Faith    .   i - +0 troll leather armour
rPois    +         Spirit   .   x - +2 hat
rElec    .         Reflect  +   h - +2 cloak {MR+}
rCorr    .         Harm     .   s - +2 pair of gloves
MR       ++...                  (no boots)
Stlth    ++........             (no amulet)
HPRegen  0.67/turn              a - ring of poison resistance
MPRegen  0.21/turn              n - ring of protection from fire

@: about to teleport
A: high mp 1
a: no special abilities


You were on level 13 of the Dungeon.
You were not hungry.

You visited 1 branch of the dungeon, and saw 13 of its levels.

You collected 755 gold pieces.
You spent 210 gold pieces at shops.

Inventory:

Hand Weapons
 e - a +3 trident of freezing (weapon)
 j - a +3 halberd of freezing
Missiles
 b - 330 stones (quivered)
 m - 35 poisoned darts
Armour
 c - a +1 robe
 h - a +2 cloak of magic resistance (worn)
 i - a +0 troll leather armour (worn)
 l - a +3 buckler of reflection (worn)
 s - a +2 pair of gloves (worn)
 x - a +2 hat (worn)
 A - a +0 hat of see invisible
Jewellery
 a - a ring of poison resistance (left hand)
 f - an uncursed ring of ice
 n - a ring of protection from fire (right hand)
 q - a +3 ring of dexterity
 w - an uncursed ring of magical power
 z - an uncursed ring of fire
 E - an uncursed ring of magical power
Wands
 B - a wand of acid (5)
 H - a wand of disintegration (4)
Scrolls
 k - 3 scrolls of amnesia
 o - 2 scrolls of fog
 p - 4 scrolls of teleportation
 r - 3 scrolls of identify
 t - 7 scrolls of remove curse
 y - a scroll of immolation
 F - 2 scrolls of magic mapping
Potions
 g - 2 potions of brilliance
 u - a potion of ambrosia
 C - 2 potions of curing
 J - a potion of flight
Miscellaneous
 D - a lamp of fire (inert)
Comestibles
 d - 34 rations
 I - 6 chunks of flesh


   Skills:
 * Level 8.3 Fighting
 * Level 8.3 Polearms
 - Level 6.5 Armour
 - Level 7.0 Dodging
 - Level 1.7 Stealth
 * Level 4.6 Shields
 * Level 7.9 Spellcasting
 * Level 1.2 Necromancy
 - Level 0.8 Transmutations
 - Level 8.7 Earth Magic


You had 6 spell levels left.
You knew the following spells:

 Your Spells              Type           Power        Failure   Level  Hunger
a - Sandblast             Erth           ######       1%          1    None
b - Passwall              Tmut/Erth      #####...     1%          2    None
c - Stone Arrow           Conj/Erth      ####..       3%          3    None
d - Petrify               Tmut/Erth      #####...     10%         4    ##.....
e - Lee's Rapid Deconstr  Erth           ######....   5%          5    ####...
f - Borgnjor's Vile Clut  Necr/Erth      #####.....   24%         5    ####...

Your spell library contained the following spells:

 Spells                   Type           Power        Failure   Level  Hunger
 Corona                   Hex            ##.....      7%          1    None
 Ensorcelled Hibernation  Hex/Ice        ##....       11%         2    None
 Confuse                  Hex            ##......     21%         3    None
 Dazzling Spray           Conj/Hex       ##....       21%         3    None
 Recall                   Summ/Tloc      N/A          21%         3    None
 Tukima's Dance           Hex            ##......     21%         3    None
 Animate Dead             Necr           N/A          38%         4    ##.....
 Death Channel            Necr           ###.......   99%         6    ######.
 Simulacrum               Ice/Necr       ##........   100%        6    ######.


Dungeon Overview and Level Annotations

Branches:
Dungeon (13/15)            Temple (0/1) D:7            Lair (0/6) D:9
    Orc (0/2) D:9
 Vaults: D:13-14

Shops:
D:7 [   D:13 [

Portals:
Trove: D:13 (give 4 potions of resistance)
Ice
Cave: D:13

Annotations:
D:10 Bad up and down


Innate Abilities, Weirdness & Mutations

You have an increased reservoir of magic. (+10% MP)


Message History

You feel much better. You block the ice devil's attack.
The skeletal warrior is engulfed in blazing flames.
The skeletal warrior closely misses you.
The skeletal warrior is engulfed in blazing flames.
The skeletal warrior hits you but does no damage.
The ice devil misses you. The skeletal warrior barely misses you.
You block the skeletal warrior's attack.
Unknown command.
You hit the ice devil but do no damage.
The ice devil is severely wounded.
The ice devil misses you. The ice devil hits you. The ice devil freezes you!!
* * * LOW HITPOINT WARNING * * *
The skeletal warrior hits you with a +0 dire flail!
* * * LOW HITPOINT WARNING * * *
The skeletal warrior is engulfed in blazing flames.
The skeletal warrior hits you from afar with a +0 halberd.
* * * LOW HITPOINT WARNING * * *
The skeletal warrior hits you but does no damage.
The skeletal warrior hits you from afar with a +0 halberd!!
You die...

****## #####*,...# #.+4##....#
#### #.#@4....∩# #...
########zzz##....#######.#*
#......oz###*,,..##......##
#.###z#### *****##.......[ ****
*,#...o..##### ###...#..## ,,,*
*,#.#z#..z...# #.##..#..# **,*
*<....#.z###.# #.##..#.<##
**,***###.#.#>.###o####.##..#.)..
,,,,>,,...#.#.oz.....>..##..)[.##


You could see 5 skeletal warriors, 2 ice devils and an orc warrior.

Vanquished Creatures
  Gastronok (D:11)
  Harold (D:8)
  4 two-headed ogres
  The ghost of Peloso the Carver, a novice DsFi of Okawaru (D:7)
  A deep elf archer (D:11)
  A wizard (D:11)
  An ugly thing (D:11)
  A deep elf mage (D:13)
  A cyclops (D:12)
  A manticore (D:12)
  A gargoyle (D:11)
  A komodo dragon (D:11)
  A kobold demonologist (D:8)
  A queen bee (D:11)
  4 trolls
  A slime creature (D:11)
  Prince Ribbit (D:7)
  4 hippogriffs
  A vampire (D:12)
  2 wyverns
  9 yaks
  A golden eye (D:5)
  Grum (D:8)
  Edmund (D:5)
  4 wargs
  The ghost of dundn the Gusty, an amateur TeAE (D:4)
  2 water moccasins
  Duvessa (D:7)
  A sky beast (D:10)
  An eye of draining (D:9)
  2 black bears
  2 phantoms
  8 ice beasts
  A necrophage (D:11)
  4 ogres
  3 wolves (D:8)
  The ghost of Alannah the Covered, an amateur DsWn (D:3)
  3 centaurs
  18 big kobolds
  12 bullfrogs
  Dowan (D:7)
  A water moccasin zombie (D:7)
  2 scorpions
  28 killer bees
  9 electric eels (D:10)
  13 wights
  8 howler monkeys
  2 bullfrog zombies
  5 crimson imps
  3 quasits (D:4)
  10 hounds
  6 orc priests
  Crazy Yiuf (D:2)
  6 jellies
  A centaur skeleton (D:11)
  5 iguanas
  A bullfrog skeleton (D:5)
  Natasha (thrice) (D:2)
  7 worker ants
  9 orc wizards
  A bullfrog simulacrum (D:7)
  2 hound zombies (D:6)
  A killer bee simulacrum (D:7)
  A worker ant zombie (D:10)
  10 gnolls
  A howler monkey skeleton (D:10)
  7 adders
  3 shadow imps
  2 white imps (D:7)
  7 oozes
  An adder zombie (D:5)
  2 adder skeletons
  6 leopard geckos
  38 orcs
  A ball python (D:2)
  5 bats
  4 giant cockroaches
  16 goblins
  7 hobgoblins
  7 jackals
  31 kobolds
  4 quokkas
  3 frilled lizards
  A jackal simulacrum (D:7)
  A jackal skeleton (D:8)
  A quokka skeleton (D:5)
  6 rats
  2 plants (D:10)
398 creatures vanquished.

Vanquished Creatures (others)
  A plant (D:10)
1 creature vanquished.

Grand Total: 399 creatures vanquished

Notes
Turn   | Place    | Note
-------+----------+-------------------------------------------
     0 | D:1      | Amplified the Demigod Earth Elementalist began the quest
                  | for the Orb.
     0 | D:1      | Reached XP level 1. HP: 14/14 MP: 5/5
   292 | D:1      | Reached XP level 2. HP: 16/22 MP: 7/7
   887 | D:2      | Learned a level 2 spell: Passwall
   898 | D:2      | Found a hide-covered altar of Uskayaw.
  1115 | D:2      | Found a runed translucent door.
  1116 | D:2      | Noticed Crazy Yiuf
  1186 | D:2      | Reached XP level 3. HP: 27/27 MP: 4/8
  1412 | D:2      | Reached skill level 1 in Fighting
  1412 | D:2      | Reached skill level 1 in Polearms
  1412 | D:2      | Reached skill level 1 in Armour
  1469 | D:2      | Reached XP level 4. HP: 34/35 MP: 6/10
  1488 | D:2      | Found an iron altar of Okawaru.
  1489 | D:2      | Found a bloodstained altar of Trog.
  1942 | D:2      | Noticed Natasha
  1950 | D:2      | Killed Natasha
  2039 | D:2      | Noticed Natasha
  2051 | D:2      | Killed Natasha
  2123 | D:2      | Noticed Natasha
  2128 | D:2      | Killed Natasha
  2128 | D:2      | Reached XP level 5. HP: 41/41 MP: 8/11
  2369 | D:2      | Killed Crazy Yiuf
  2484 | D:3      | Found a runed translucent door.
  2491 | D:3      | Noticed Alannah's ghost (amateur DsWn)
  2500 | D:3      | Found a faded altar of an unknown god.
  3138 | D:4      | Noticed dundn's ghost (amateur TeAE)
  3141 | D:4      | Found a transporter.
  3167 | D:4      | Reached XP level 6. HP: 48/48 MP: 13/13
  3173 | D:4      | Found a transporter.
  3684 | D:4      | Reached XP level 7. HP: 50/56 MP: 8/14
  3914 | D:5      | Entered Level 5 of the Dungeon
  4021 | D:5      | Learned a level 3 spell: Stone Arrow
  4546 | D:5      | Noticed Edmund
  4697 | D:6      | Found a basalt altar of Yredelemnul.
  4870 | D:6      | Reached XP level 8. HP: 61/63 MP: 16/16
  4885 | D:6      | Found a sparkling altar of Nemelex Xobeh.
  5607 | D:7      | Reached skill level 5 in Earth Magic
  5732 | D:8      | Noticed Grum
  5737 | D:8      | Noticed Harold
  6040 | D:8      | Noticed a hippogriff
  6048 | D:8      | Killed a hippogriff
  6058 | D:8      | Noticed a two-headed ogre
  6097 | D:8      | Noticed a hippogriff
  6107 | D:8      | Killed a hippogriff
  6166 | D:8      | Learned a level 4 spell: Petrify
  6225 | D:8      | Reached XP level 9. HP: 62/72 MP: 19/19
  6301 | D:8      | Killed Grum
  6301 | D:8      | Reached skill level 5 in Dodging
  6383 | D:8      | Killed Harold
  6383 | D:8      | Reached skill level 5 in Spellcasting
  6439 | D:8      | Reached skill level 5 in Fighting
  6446 | D:8      | Killed a two-headed ogre
  6446 | D:8      | Reached skill level 5 in Polearms
  6446 | D:8      | Reached skill level 5 in Armour
  6509 | D:8      | Reached XP level 10. HP: 50/81 MP: 18/21
  7253 | D:10     | Entered Level 10 of the Dungeon
  7576 | D:10     | Noticed a two-headed ogre
  7681 | D:10     | Killed a two-headed ogre
  8123 | D:10     | Noticed a two-headed ogre
  8133 | D:10     | Killed a two-headed ogre
  8597 | D:11     | Noticed a green ugly thing
  9350 | D:10     | Learned a level 5 spell: Lee's Rapid Deconstruction
  9614 | D:9      | Found a staircase to the Lair.
  9681 | D:9      | Found a staircase to the Orcish Mines.
  9720 | D:10     | Reached XP level 11. HP: 37/91 MP: 12/24
  9883 | D:9      | Noticed a two-headed ogre
 10052 | D:7      | Found a runed translucent gate.
 10052 | D:7      | Found a runed translucent gate.
 10052 | D:7      | Found a runed translucent gate.
 10107 | D:7      | Noticed Peloso's ghost (novice DsFi)
 10108 | D:7      | Noticed Dowan
 10109 | D:7      | Noticed Duvessa
 10116 | D:7      | Killed Duvessa
 10135 | D:7      | Killed Dowan
 10364 | D:7      | Found a staircase to the Ecumenical Temple.
 10391 | D:7      | Noticed Prince Ribbit
 10404 | D:7      | Killed Prince Ribbit
 10474 | D:7      | Found Pivvurphy's Antique Armour Emporium.
 10501 | D:7      | Bought a shiny buckler for 210 gold pieces
 11110 | D:5      | Killed Edmund
 11457 | D:4      | Killed dundn's ghost
 11535 | D:3      | Killed Alannah's ghost
 11535 | D:3      | Reached skill level 1 in Shields
 11779 | D:7      | Killed Peloso's ghost
 12011 | D:9      | Killed a two-headed ogre
 12786 | D:11     | Noticed a wizard
 12795 | D:11     | Killed a wizard
 12807 | D:11     | Noticed a deep elf archer
 12818 | D:11     | Killed a deep elf archer
 12941 | D:11     | Noticed Gastronok
 13001 | D:11     | Killed Gastronok
 13001 | D:11     | Reached XP level 12. HP: 43/101 MP: 1/27
 13851 | D:12     | Learned a level 5 spell: Borgnjor's Vile Clutch
 14244 | D:13     | Found Yhiam's Antique Armour Boutique.
 14257 | D:13     | Reached skill level 1 in Necromancy
 14323 | D:13     | Found a portal to a secret trove of treasure.
 14423 | D:13     | Found a frozen archway.
 14433 | D:13     | Demolished by a skeletal warrior

Levels and vault maps discovered:
D:1:      kennysheep_arrival_seaside, layout_loops_ring
D:2:      cheibrodos_greedy_goblins, layout_loops_ring,
          chequers_temple_overflow_statue_of_worship, cheibrodos_gnoll_hut,
          uniq_crazy_yiuf_cottage, uniq_natasha
D:3:      layout_loops_ring, first_ration, chequers_ecumenical_altar_simple,
          ebering_ghost_reflecting_pool
D:4:      layout_loops_ring, gammafunk_ghost_stat_death
D:5:      layout_loops_corners, uniq_edmund
D:6:      layout_basic, lemuel_doored_altar, basic_altar
D:7:      layout_loops_corners, minmay_temple_entry_slanted,
          gammafunk_ghost_icy, serial_shops, nicolae_shop_overgrown_old_shop,
          uniq_duvessa, uniq_prince_ribbit1
D:8:      layout_cave_pods, special_room [special_room_kobold], uniq_grum,
          uniq_harold
D:9:      layout_cave_pools, lair_entry_dummy, minmay_orc_entry_guard_dogs,
          enter_bailey_7
D:10:     layout_loops_ring, serial_bayou, serial_bayou_lagoon_a,
          serial_bayou_pond_a, serial_bayou_lake_a, serial_bayou_ford_a
D:11:     regret_index_tunnel_blossom, layout_basic,
          hangedman_little_slice_of_home, uniq_gastronok
D:12:     layout_basic
D:13:     layout_loops_ring, portal_ice_cave_demonic_guard, enter_trove_3,
          serial_shops, nicolae_shop_waterfront

Skill      XL: |  1  2  3  4  5  6  7  8  9 10 11 12 |
---------------+-------------------------------------+-----
Dodging        | 2 3 4 5 6 7 |  7.0
Spellcasting   | 2 3 4 5 6 7 |  7.9
Earth Magic    | 3 4 5 6 7 8 |  8.7
Fighting       | 1 2 3 4 5 6 7 8 |  8.3
Polearms       | 1 2 3 4 5 6 7 8 |  8.3
Armour         | 1 2 3 4 5 6 |  6.5
Shields        | 3 4 |  4.6
Necromancy     | 1 |  1.2
Stealth        | |  1.7
Transmutations | |  0.8

Action                   |  1- 3 |  4- 6 |  7- 9 | 10-12 || total
-------------------------+-------+-------+-------+-------++-------
Melee: Spear             |    47 |   137 |   365 |   427 ||   976
       Unarmed           |     3 |       |       |       ||     3
       Trident           |       |       |       |   671 ||   671
Throw: Dart              |       |     9 |       |       ||     9
       Throwing net      |       |       |       |     1 ||     1
 Cast: Sandblast         |    35 |    42 |    29 |       ||   106
       Stone Arrow       |       |       |    24 |    89 ||   113
       Petrify           |       |       |       |     1 ||     1
       Lee's Rapid Decon |       |       |       |    40 ||    40
Evoke: Wand              |       |     2 |    22 |    16 ||    40
       Lamp of fire      |       |       |       |     1 ||     1
  Use: Scroll            |     8 |     5 |     9 |    15 ||    37
       Potion            |       |     1 |     6 |    13 ||    20
 Stab: Sleeping          |     1 |     5 |     3 |     5 ||    14
       Distracted        |       |       |     2 |     1 ||     3
       Confused          |       |       |    13 |       ||    13
  Eat: Chunk             |     2 |     7 |     7 |    17 ||    33
       Ration            |       |       |     1 |     6 ||     7
Armor: Robe              |    14 |    27 |   102 |    19 ||   162
       Troll leather arm |       |       |       |   276 ||   276
Dodge: Dodged            |    48 |    77 |   204 |   759 ||  1088
Block: Buckler           |       |       |       |   205 ||   205
       Reflection        |       |       |       |     9 ||     9
